[Event "FIDE World Cadets U10 2022"]
[Site "Batumi"]
[Date "2022.09.16"]
[Round "1"]
[White "Khachapuridze, Demetre"]
[Black "Jalving, August"]
[Result "0-1"]
[ECO "A05"]
[WhiteElo "1172"]
[BlackElo "1778"]
[Annotator "NA COMBH"]
[PlyCount "72"]
[EventDate "2022.09.16"]
[EventType "swiss"]
[EventCountry "GEO"]
[SourceTitle "playchess.com"]
[Source "ChessBase"]
[SourceQuality "1"]
[TimeControl "5400+30"]

1. e4 c5 2. g3 d6 3. Bg2 Nf6 4. d3 g6 5. Nf3 Bg7 6. c3 O-O 7. Be3 Nc6 8. Nbd2 Ng4 9. O-O Nxe3 10. fxe3 e5 11. Nb3 f5 12. exf5 Bxf5 13. d4 c4 14. Nc1 e4 15. Nh4 Qg5 16. Nxf5 Rxf5 17. Rf4 d5 18. Ne2 Raf8 19. Bh3 R5f6 20. Qd2 Ne7 21. Rg4 Qh5 22. Nf4 Rxf4 23. gxf4 Qxh3 24. Qe2 Nf5 25. Re1 Nh4 26. Kh1 Nf3 27. Rg3 Qh4 28. Rf1 Rf5 29. Rf2 Rh5 30. Rgg2 b5 31. b3 Qe7 32. bxc4 bxc4 33. Qb2 Rf5 34. Qb8+ Rf8 35. Qb5 Qd6 36. Qb7 Rb8 0-1